Workbook

Sheet TableA1.15
A1: OUTPUT, SAVING AND INVESTMENT AT CURRENT MARKET PRICES [TABLE A1.15]
B2: 2013 | C2: 2014 | D2: 2015 | E2: 2016 | F2: 2017p | G2: 2013 | H2: 2014 | I2: 2015 | J2: 2016 | K2: 2017
B3: Million Dollars | G3: Annual Percentage Change
A4: Gross National Income
A5: Gross National Income at Market Prices | B5: 366485.3 | C5: 385322.9 | D5: 402296.7 | E5: 405836.5 | F5: 431376.5 | G5: 5.2 | H5: 5.1 | I5: 4.4 | J5: 0.9 | K5: 6.3
A6: Gross Domestic Product at Market Prices | B6: 380963.7 | C6: 394751.7 | D6: 418073.6 | E6: 427938.8 | F6: 447283.5 | G6: 4.9 | H6: 3.6 | I6: 5.9 | J6: 2.4 | K6: 4.5
A7: Net Income from Abroad | B7: -14478.4 | C7: -9428.8 | D7: -15776.9 | E7: -22102.3 | F7: -15907 | G7: na | H7: na | I7: na | J7: na | K7: na
A8: Generation of Gross National Saving
A9: Gross National Saving | B9: 179800.4 | C9: 192767.7 | D9: 191063.4 | E9: 196966.5 | F9: 207849.8 | G9: 5.5 | H9: 7.2 | I9: -0.9 | J9: 3.1 | K9: 5.5
A10: Gross Domestic Saving | B10: 202469.9 | C10: 210979.9 | D10: 220989.1 | E10: 227481 | F10: 232150.4 | G10: 4.5 | H10: 4.2 | I10: 4.7 | J10: 2.9 | K10: 2.1
A11: Gross Domestic Product at Market Prices | B11: 380963.7 | C11: 394751.7 | D11: 418073.6 | E11: 427938.8 | F11: 447283.5 | G11: 4.9 | H11: 3.6 | I11: 5.9 | J11: 2.4 | K11: 4.5
A12: Less: Private & Government Consumption
A13: Expenditure | B13: 177840.7 | C13: 184955 | D13: 196776.5 | E13: 199800.5 | F13: 207976.3 | G13: 6.7 | H13: 4 | I13: 6.4 | J13: 1.5 | K13: 4.1
A14: Statistical Discrepancy | B14: -653.1 | C14: 1183.2 | D14: -308 | E14: -657.3 | F14: -7156.8 | G14: na | H14: na | I14: na | J14: na | K14: na
A15: Net Income from Abroad | B15: -14478.4 | C15: -9428.8 | D15: -15776.9 | E15: -22102.3 | F15: -15907 | G15: na | H15: na | I15: na | J15: na | K15: na
A16: Net Current Transfers from Abroad | B16: -8191.1 | C16: -8783.4 | D16: -14148.8 | E16: -8412.2 | F16: -8393.6 | G16: na | H16: na | I16: na | J16: na | K16: na
A17: Finance of Gross Capital Formation
A18: Gross Capital Formation | B18: 116860.7 | C18: 119030.2 | D18: 113395.7 | E18: 115669.9 | F18: 123629.2 | G18: 7.6 | H18: 1.9 | I18: -4.7 | J18: 2 | K18: 6.9
A19: Gross National Saving | B19: 179800.4 | C19: 192767.7 | D19: 191063.4 | E19: 196966.5 | F19: 207849.8 | G19: 5.5 | H19: 7.2 | I19: -0.9 | J19: 3.1 | K19: 5.5
A20: Net Borrowing from/Lending ('-') to Abroad & Net Capital Transfers from Abroad | B20: -62939.7 | C20: -73737.5 | D20: -77667.7 | E20: -81296.6 | F20: -84220.6 | G20: na | H20: na | I20: na | J20: na | K20: na
K21: Source: Singapore Department of Statistics

Sheet Sheet1
B2: =ROUND(TableA1.15!B5,1) -> 366485.3 | C2: =ROUND(TableA1.15!C5,1) -> 385322.9 | D2: =ROUND(TableA1.15!D5,1) -> 402296.7 | E2: =ROUND(TableA1.15!E5,1) -> 405836.5 | F2: =ROUND(TableA1.15!F5,1) -> 431376.5 | G2: =ROUND(TableA1.15!G5,1) -> 5.2 | H2: =ROUND(TableA1.15!H5,1) -> 5.1 | I2: =ROUND(TableA1.15!I5,1) -> 4.4 | ... K2: =ROUND(TableA1.15!K5,1) -> 6.3
B3: =ROUND(TableA1.15!B6,1) -> 380963.7 | C3: =ROUND(TableA1.15!C6,1) -> 394751.7 | D3: =ROUND(TableA1.15!D6,1) -> 418073.6 | E3: =ROUND(TableA1.15!E6,1) -> 427938.8 | F3: =ROUND(TableA1.15!F6,1) -> 447283.5 | G3: =ROUND(TableA1.15!G6,1) -> 4.9 | H3: =ROUND(TableA1.15!H6,1) -> 3.6 | I3: =ROUND(TableA1.15!I6,1) -> 5.9 | ... K3: =ROUND(TableA1.15!K6,1) -> 4.5
B4: =ROUND(TableA1.15!B7,1) -> -14478.4 | C4: =ROUND(TableA1.15!C7,1) -> -9428.8 | D4: =ROUND(TableA1.15!D7,1) -> -15776.9 | E4: =ROUND(TableA1.15!E7,1) -> -22102.3 | F4: =ROUND(TableA1.15!F7,1) -> -15907 | G4: =ROUND(TableA1.15!G7,1) -> #VALUE! | H4: =ROUND(TableA1.15!H7,1) -> #VALUE! | I4: =ROUND(TableA1.15!I7,1) -> #VALUE! | ... K4: =ROUND(TableA1.15!K7,1) -> #VALUE!
B6: =ROUND(TableA1.15!B9,1) -> 179800.4 | C6: =ROUND(TableA1.15!C9,1) -> 192767.7 | D6: =ROUND(TableA1.15!D9,1) -> 191063.4 | E6: =ROUND(TableA1.15!E9,1) -> 196966.5 | F6: =ROUND(TableA1.15!F9,1) -> 207849.8 | G6: =ROUND(TableA1.15!G9,1) -> 5.5 | H6: =ROUND(TableA1.15!H9,1) -> 7.2 | I6: =ROUND(TableA1.15!I9,1) -> -0.9 | ... K6: =ROUND(TableA1.15!K9,1) -> 5.5
B7: =ROUND(TableA1.15!B10,1) -> 202469.9 | C7: =ROUND(TableA1.15!C10,1) -> 210979.9 | D7: =ROUND(TableA1.15!D10,1) -> 220989.1 | E7: =ROUND(TableA1.15!E10,1) -> 227481 | F7: =ROUND(TableA1.15!F10,1) -> 232150.4 | G7: =ROUND(TableA1.15!G10,1) -> 4.5 | H7: =ROUND(TableA1.15!H10,1) -> 4.2 | I7: =ROUND(TableA1.15!I10,1) -> 4.7 | ... K7: =ROUND(TableA1.15!K10,1) -> 2.1
B8: =ROUND(TableA1.15!B11,1) -> 380963.7 | C8: =ROUND(TableA1.15!C11,1) -> 394751.7 | D8: =ROUND(TableA1.15!D11,1) -> 418073.6 | E8: =ROUND(TableA1.15!E11,1) -> 427938.8 | F8: =ROUND(TableA1.15!F11,1) -> 447283.5 | G8: =ROUND(TableA1.15!G11,1) -> 4.9 | H8: =ROUND(TableA1.15!H11,1) -> 3.6 | I8: =ROUND(TableA1.15!I11,1) -> 5.9 | ... K8: =ROUND(TableA1.15!K11,1) -> 4.5
B10: =ROUND(TableA1.15!B13,1) -> 177840.7 | C10: =ROUND(TableA1.15!C13,1) -> 184955 | D10: =ROUND(TableA1.15!D13,1) -> 196776.5 | E10: =ROUND(TableA1.15!E13,1) -> 199800.5 | F10: =ROUND(TableA1.15!F13,1) -> 207976.3 | G10: =ROUND(TableA1.15!G13,1) -> 6.7 | H10: =ROUND(TableA1.15!H13,1) -> 4 | I10: =ROUND(TableA1.15!I13,1) -> 6.4 | ... K10: =ROUND(TableA1.15!K13,1) -> 4.1
B11: =ROUND(TableA1.15!B14,1) -> -653.1 | C11: =ROUND(TableA1.15!C14,1) -> 1183.2 | D11: =ROUND(TableA1.15!D14,1) -> -308 | E11: =ROUND(TableA1.15!E14,1) -> -657.3 | F11: =ROUND(TableA1.15!F14,1) -> -7156.8 | G11: =ROUND(TableA1.15!G14,1) -> #VALUE! | H11: =ROUND(TableA1.15!H14,1) -> #VALUE! | I11: =ROUND(TableA1.15!I14,1) -> #VALUE! | ... K11: =ROUND(TableA1.15!K14,1) -> #VALUE!
B12: =ROUND(TableA1.15!B15,1) -> -14478.4 | C12: =ROUND(TableA1.15!C15,1) -> -9428.8 | D12: =ROUND(TableA1.15!D15,1) -> -15776.9 | E12: =ROUND(TableA1.15!E15,1) -> -22102.3 | F12: =ROUND(TableA1.15!F15,1) -> -15907 | G12: =ROUND(TableA1.15!G15,1) -> #VALUE! | H12: =ROUND(TableA1.15!H15,1) -> #VALUE! | I12: =ROUND(TableA1.15!I15,1) -> #VALUE! | ... K12: =ROUND(TableA1.15!K15,1) -> #VALUE!
B13: =ROUND(TableA1.15!B16,1) -> -8191.1 | C13: =ROUND(TableA1.15!C16,1) -> -8783.4 | D13: =ROUND(TableA1.15!D16,1) -> -14148.8 | E13: =ROUND(TableA1.15!E16,1) -> -8412.2 | F13: =ROUND(TableA1.15!F16,1) -> -8393.6 | G13: =ROUND(TableA1.15!G16,1) -> #VALUE! | H13: =ROUND(TableA1.15!H16,1) -> #VALUE! | I13: =ROUND(TableA1.15!I16,1) -> #VALUE! | ... K13: =ROUND(TableA1.15!K16,1) -> #VALUE!
B15: =ROUND(TableA1.15!B18,1) -> 116860.7 | C15: =ROUND(TableA1.15!C18,1) -> 119030.2 | D15: =ROUND(TableA1.15!D18,1) -> 113395.7 | E15: =ROUND(TableA1.15!E18,1) -> 115669.9 | F15: =ROUND(TableA1.15!F18,1) -> 123629.2 | G15: =ROUND(TableA1.15!G18,1) -> 7.6 | H15: =ROUND(TableA1.15!H18,1) -> 1.9 | I15: =ROUND(TableA1.15!I18,1) -> -4.7 | ... K15: =ROUND(TableA1.15!K18,1) -> 6.9
B16: =ROUND(TableA1.15!B19,1) -> 179800.4 | C16: =ROUND(TableA1.15!C19,1) -> 192767.7 | D16: =ROUND(TableA1.15!D19,1) -> 191063.4 | E16: =ROUND(TableA1.15!E19,1) -> 196966.5 | F16: =ROUND(TableA1.15!F19,1) -> 207849.8 | G16: =ROUND(TableA1.15!G19,1) -> 5.5 | H16: =ROUND(TableA1.15!H19,1) -> 7.2 | I16: =ROUND(TableA1.15!I19,1) -> -0.9 | ... K16: =ROUND(TableA1.15!K19,1) -> 5.5
B17: =ROUND(TableA1.15!B20,1) -> -62939.7 | C17: =ROUND(TableA1.15!C20,1) -> -73737.5 | D17: =ROUND(TableA1.15!D20,1) -> -77667.7 | E17: =ROUND(TableA1.15!E20,1) -> -81296.6 | F17: =ROUND(TableA1.15!F20,1) -> -84220.6 | G17: =ROUND(TableA1.15!G20,1) -> #VALUE! | H17: =ROUND(TableA1.15!H20,1) -> #VALUE! | I17: =ROUND(TableA1.15!I20,1) -> #VALUE! | ... K17: =ROUND(TableA1.15!K20,1) -> #VALUE!
